 Dungeon Crawl Stone Soup version 0.18.1-48-g4cf74bf (webtiles) character file.

4977 Inkary the Blocker (level 10, -2/91 HPs)
             Began as a Hill Orc Fighter on July 21, 2016.
             Was an Elder of Okawaru.
             Slain by a killer bee (3 damage)
             ... on level 7 of the Dungeon.
             The game lasted 00:18:37 (8374 turns).

Inkary the Blocker (Hill Orc Fighter)               Turns: 8374, Time: 00:18:37

Health: -2/91      AC: 13    Str: 22    XL:     10   Next: 53%
Magic:  10/10      EV: 10    Int:  8    God:    Okawaru [****..]
Gold:   378        SH:  8    Dex: 13    Spells: 0 memorised, 9 levels left

rFire  . . .     SeeInvis .     a - +0 long sword
rCold  . . .     Gourm    .     x - +1 ring mail {MR+}
rNeg   . . .     Faith    +     E - +2 buckler
rPois  .         Spirit   .     m - +0 helmet
rElec  .         Dismiss  .     o - +2 cloak {+Inv}
rCorr  .         Reflect  .     (no gloves)
SustAt .         Harm     .     (no boots)
MR     +....     Rnd*Tele +     z - amulet of faith
Stlth  ++........               k - +3 ring of protection
                                H - ring of stealth

@: lethally poisoned (-2 -> -5), very slightly contaminated, hasted, very quick,
somewhat resistant to hostile enchantments, unstealthy
A: agile 1, deformed body, teleportitis 1, no device heal 1
a: Heroism, Renounce Religion, Evoke Invisibility


You were on level 7 of the Dungeon.
You worshipped Okawaru.
Okawaru was greatly pleased with you.
You were hungry.

You visited 2 branches of the dungeon, and saw 9 of its levels.

You collected 378 gold pieces.

Inventory:

Hand Weapons
 a - a +0 long sword (weapon)
Armour
 m - a +0 helmet (worn)
 o - a +2 cloak of invisibility (worn)
 x - a +1 ring mail of magic resistance (worn)
 E - a +2 buckler (worn)
Jewellery
 d - an uncursed ring of flight
 k - a +3 ring of protection (right hand)
 t - an uncursed ring of positive energy
 z - an amulet of faith (around neck)
 C - an uncursed amulet of dismissal {unknown}
 H - a ring of stealth (left hand)
Wands
 r - a wand of hasting (0/9)
 u - a wand of lightning (10/15)
 B - a wand of disintegration (6/24)
Scrolls
 c - 2 scrolls of remove curse
 e - 2 scrolls of amnesia
 i - 2 scrolls of identify
 y - a scroll of blinking
 D - a scroll of teleportation {unknown}
 F - a scroll of random uselessness {unknown}
Potions
 b - a potion of berserk rage
 n - a potion of magic
 p - 4 potions of degeneration
 w - a potion of ambrosia
 G - 2 potions of might
Comestibles
 f - 7 bread rations
 l - 3 fruits
 s - 2 meat rations
 v - a slice of pizza
 A - 2 chunks of flesh


   Skills:
 + Level 9.2 Fighting
 + Level 8.3 Long Blades
 + Level 8.8 Armour
 - Level 10.0 Shields


You had 9 spell levels left.
You didn't know any spells.

Dungeon Overview and Level Annotations

Branches:
Dungeon (8/15)             Temple (1/1) D:4
   Lair: D:8-11

Altars:
Ashenzari
Dithmenos
Elyvilon
Fedhas
Gozag
Kikubaaqudgha
Makhleb
Nemelex Xobeh
Okawaru
Pakellas
Qazlal
Ru
Sif Muna
Trog
Vehumet
Xom
Yredelemnul
Zin

Shops:
D:6 (

Annotations:
D:8 ThereIsNoGod's ghost, novice MiFi


Innate Abilities, Weirdness & Mutations

You are agile. (Dex +2)
Armour fits poorly on your strangely shaped body.
You are occasionally teleported next to monsters.
Potions and wands are less effective at restoring your health.


Message History

You feel sick.
* * * LOW HITPOINT WARNING * * *
You feel sick. You block the killer bee's attack.
You barely miss the killer bee. The killer bee barely misses you.
The killer bee closely misses you.
Drink which item? (? for menu, Esc to quit)
It was a potion of magic.
Magic courses through your body.
* * * LOW HITPOINT WARNING * * *
You feel sick. You block the killer bee's attack.
Drink which item? (? for menu, Esc to quit)
Okay, then.
That item cannot be evoked!
Evoke which item? (* to show all) (? for menu, Esc to quit)
Zapping:
B - a wand of disintegration (will waste charges)
Press: ? - help, Shift-Dir - straight line, f - killer bee
Aim: a killer bee (chance to defeat MR: 73%)
The killer bee is blasted.
Evoking this partially-identified wand wasted a few charges.
The killer bee stings you.
You die...

### #.### #...#
#### #.#.# #...
#@#.# #.##
###y#+### #.#
#.......# #.#
#.......# ###'##
#..O....# #.....
#.......### #.....
#.........###
#.....
#...........#
#...##
#####'#.....###.(.#


You could see an ogre and a killer bee.

Vanquished Creatures
  Pikel (D:6)
  The ghost of ThereIsNoGod the Cleaver, a novice MiFi (D:5)
  A two-headed ogre (D:8)
  Sigmund (D:4)
  A wyvern (D:7)
  The ghost of buf2 the Skirmisher, an amateur HuWn (D:3)
  Menkaure (D:4)
  Edmund (D:4)
  Duvessa (D:5)
  A sky beast (D:6)
  2 phantoms
  An ice beast (D:4)
  A slave (D:6)
  2 ogres
  5 centaurs
  A big kobold (D:7)
  4 giant frogs (D:7)
  Blork the orc (D:4)
  3 gnoll sergeants (D:7)
  Dowan (D:5)
  A water moccasin zombie (D:7)
  A wyvern skeleton (D:7)
  A scorpion (D:4)
  3 killer bees (D:7)
  A howler monkey (D:6)
  2 crimson imps
  A centaur zombie (D:7)
  6 hounds
  4 orc priests
  13 orc wizards
  Crazy Yiuf (D:2)
  A giant frog skeleton (D:7)
  Natasha (twice) (D:4)
  2 iguanas (D:5)
  6 worker ants
  A killer bee zombie (D:5)
  A worker ant zombie (D:6)
  Robin (D:2)
  14 gnolls
  7 adders
  A worm (D:3)
  4 dart slugs
  3 giant geckos
  10 orcs
  5 bats
  2 giant cockroaches
  11 goblins
  15 hobgoblins
  9 jackals
  10 kobolds
  2 quokkas
  A giant gecko skeleton (D:7)
  3 giant newts
  A jackal zombie (D:7)
  2 rats (D:3)
  A spectral orc (D:6)
  2 plants (D:7)
182 creatures vanquished.

Vanquished Creatures (others)
  A giant frog skeleton (D:6)
  A jackal (D:6)
  A giant newt (D:6)
3 creatures vanquished.

Grand Total: 185 creatures vanquished

Notes
Turn   | Place    | Note
--------------------------------------------------------------
     0 | D:1      | Inkary the Hill Orc Fighter began the quest for the Orb.
     0 | D:1      | Reached XP level 1. HP: 19/19 MP: 1/1
   125 | D:1      | Reached XP level 2. HP: 27/27 MP: 2/2
   216 | D:1      | Reached XP level 3. HP: 29/33 MP: 3/3
   556 | D:2      | Noticed Robin
   595 | D:2      | Killed Robin
   595 | D:2      | Reached XP level 4. HP: 12/40 MP: 4/4
   823 | D:2      | Found an ancient bone altar of Kikubaaqudgha.
   964 | D:2      | Noticed Crazy Yiuf
   981 | D:2      | Killed Crazy Yiuf
   981 | D:2      | Reached XP level 5. HP: 24/47 MP: 5/5
  1423 | D:3      | Found a shattered altar of Ashenzari.
  1426 | D:3      | Noticed buf2's ghost (amateur HuWn)
  1445 | D:3      | Killed buf2's ghost
  1445 | D:3      | Reached skill level 5 in Fighting
  1445 | D:3      | Reached skill level 4 in Shields
  1445 | D:3      | Reached XP level 6. HP: 24/56 MP: 6/6
  1962 | D:3      | Found an oddly glowing altar of Pakellas.
  2262 | D:4      | Found a burning altar of Makhleb.
  2272 | D:4      | Reached skill level 5 in Armour
  2306 | D:4      | Reached XP level 7. HP: 61/61 MP: 7/7
  2340 | D:4      | Reached skill level 5 in Shields
  2538 | D:4      | Reached skill level 5 in Long Blades
  2594 | D:4      | Found an opulent altar of Gozag.
  2594 | D:4      | Found a sparkling altar of Nemelex Xobeh.
  2595 | D:4      | Noticed Edmund
  2608 | D:4      | Killed Edmund
  2730 | D:4      | Noticed Natasha
  2741 | D:4      | Killed Natasha
  2792 | D:4      | Noticed Menkaure
  2802 | D:4      | Gained mutation: Your muscles are strong. (Str +2) [potion of mutation]
  2802 | D:4      | Gained mutation: You are occasionally teleported next to monsters. [potion of mutation]
  2802 | D:4      | Lost mutation: Your muscles are strong. (Str +2) [potion of mutation]
  2810 | D:4      | Killed Menkaure
  2810 | D:4      | Reached XP level 8. HP: 11/70 MP: 8/8
  3129 | D:4      | Noticed Sigmund
  3172 | D:4      | Killed Sigmund
  3197 | D:4      | Noticed Blork the orc
  3217 | D:4      | Killed Blork the orc
  3427 | D:4      | Found a deep blue altar of Sif Muna.
  3459 | D:4      | Reached skill level 6 in Shields
  3794 | D:4      | Found a staircase to the Ecumenical Temple.
  4046 | D:4      | Noticed Natasha
  4056 | D:4      | Killed Natasha
  4083 | Temple   | Entered the Ecumenical Temple
  4194 | Temple   | Became a worshipper of Warmaster Okawaru
  4260 | D:5      | Entered Level 5 of the Dungeon
  4600 | D:5      | Found a blossoming altar of Fedhas.
  4620 | D:5      | Noticed ThereIsNoGod's ghost (novice MiFi)
  4653 | D:5      | HP: 3/73 [ThereIsNoGod's ghost (10)]
  4656 | D:5      | Killed ThereIsNoGod's ghost
  4656 | D:5      | Reached XP level 9. HP: 34/79 MP: 9/9
  5045 | D:5      | Reached skill level 7 in Shields
  5147 | D:5      | Noticed Dowan
  5149 | D:5      | Noticed Duvessa
  5169 | D:5      | Killed Duvessa
  5169 | D:5      | Reached * piety under Okawaru
  5192 | D:5      | Killed Dowan
  5656 | D:6      | Found Koxt's Antique Weapon Boutique.
  5660 | D:6      | Noticed Pikel
  5672 | D:6      | Killed Pikel
  5672 | D:6      | Reached ** piety under Okawaru
  5710 | D:6      | Found a basalt altar of Yredelemnul.
  5920 | D:6      | Found a stormy altar of Qazlal.
  5958 | D:6      | Gained mutation: Potions and wands are less effective at restoring your health. [mutagenic meat]
  5959 | D:6      | Gained mutation: Armour fits poorly on your strangely shaped body. [mutagenic meat]
  5960 | D:6      | Gained mutation: You are agile. (Dex +2) [mutagenic meat]
  6409 | D:7      | Reached skill level 8 in Shields
  6848 | D:7      | Reached *** piety under Okawaru
  6848 | D:7      | Reached XP level 10. HP: 81/90 MP: 10/10
  6985 | D:7      | Found a shadowy altar of Dithmenos.
  7143 | D:7      | Reached skill level 9 in Shields
  7656 | D:7      | Reached skill level 10 in Shields
  8196 | D:8      | Found a bloodstained altar of Trog.
  8208 | D:8      | Reached **** piety under Okawaru
  8251 | D:8      | Noticed ThereIsNoGod's ghost (novice MiFi)
  8366 | D:7      | HP: 4/91 [poisoned by a killer bee]
  8371 | D:7      | HP: 2/91 [poisoned by a killer bee]
  8374 | D:7      | Slain by a killer bee

Skill      XL: |  1  2  3  4  5  6  7  8  9 10 |
---------------+-------------------------------+-----
Long Blades    | 3 4 5 6 8 |  8.3
Fighting       | 4 5 6 7 8 9 |  9.2
Armour         | 4 5 7 8 |  8.8
Shields        | 4 5 6 8 10 | 10.0

Action                   |  1- 3 |  4- 6 |  7- 9 | 10-12 || total
-------------------------+-------+-------+-------+-------++-------
Melee: Long sword        |   105 |   110 |   567 |   309 ||  1091
Evoke: Wand              |       |       |       |     1 ||     1
  Use: Potion            |       |       |     9 |     6 ||    15
       Scroll            |       |       |     9 |     1 ||    10
 Stab: Sleeping          |       |       |       |     1 ||     1
  Eat: Chunk             |       |     4 |    19 |     2 ||    25
       Beef jerky        |       |     1 |       |     2 ||     3
Armor: Scale mail        |    61 |    35 |       |       ||    96
       Ring mail         |       |     5 |   227 |   103 ||   335
Dodge: Dodged            |    42 |    31 |   149 |    91 ||   313
Block: Shield            |    54 |    45 |   275 |   119 ||   493
       Buckler           |       |       |       |    44 ||    44
